 Dungeon Crawl Stone Soup version 0.27-a0-1200-g94dc6ad4cf (webtiles) character file.

Game seed: 2622013557221235588

94 polve the Chopper (level 4, -11/33 HPs)
             Began as a Demonspawn Gladiator on May 30, 2021.
             Killed by divine providence
             ... invoked by an orc priest
              (15 damage)
             ... on level 3 of the Dungeon.
             The game lasted 00:01:10 (2391 turns).

polve the Chopper (Demonspawn Gladiator)            Turns: 2391, Time: 00:01:11

Health: -11/33     AC: 11    Str: 15    XL:     4   Next: 38%
Magic:  4/4        EV:  7    Int:  9    God:
Gold:   106        SH:  0    Dex: 15    Spells: 3/3 levels left

rFire    . . .     SeeInvis .   a - +0 war axe
rCold    . . .     Faith    .   (no shield)
rNeg     . . .     Spirit   .   j - +0 chain mail
rPois    .         Reflect  .   c - +0 helmet
rElec    .         Harm     .   (no cloak)
rCorr    .         Rampage  .   (no gloves)
Will     .....                  (no boots)
Stlth    ..........             (no amulet)
HPRegen  0.11/turn              (no ring)
MPRegen  0.09/turn              (no ring)

@: no status effects
A: talons 2, icy blue scales 1
a: no special abilities


You were on level 3 of the Dungeon.
You visited 1 branch of the dungeon, and saw 3 of its levels.

You collected 106 gold pieces.

Inventory:

Hand Weapons
 a - a +0 war axe (weapon)
Missiles
 d - 5 throwing nets (quivered)
Armour
 b - a +0 leather armour
 c - a +0 helmet (worn)
 j - a +0 chain mail (worn)
Wands
 k - a wand of polymorph (4)
Scrolls
 g - 3 scrolls of identify {unknown}
 h - a scroll of noise {unknown}
Potions
 e - 2 potions of flight {unknown}
 f - a potion of resistance {unknown}
 i - a potion of might {unknown}


   Skills:
 - Level 2.0 Fighting
 + Level 4.8 Axes
 - Level 1.7 Throwing
 - Level 2.6 Dodging


You had 3 spell levels left.
You didn't know any spells.
Your spell library was empty.

Dungeon Overview and Level Annotations

Branches:
Dungeon (3/15)

Altars:


Innate Abilities, Weirdness & Mutations

You have razor-sharp toenails.
You are partially covered in icy blue scales. (AC +2)


Message History

You are too injured to fight recklessly!
You are too injured to fight recklessly!
There are monsters nearby!
There are monsters nearby!
You barely miss the orc.
The orc is moderately wounded.
The orc priest invokes the aid of Beogh against you.
Beogh smites you!
The orc priest looks encouraged for a moment.
The frilled lizard barely misses you. The orc closely misses you.
Found a stone staircase leading down.
Things that are here:
a +0 club; an orc corpse You hit the orc priest but do no damage.
You claw the orc priest!
The orc priest is heavily wounded.
You barely miss the frilled lizard. You hit the orc.
You kill the orc!
The orc priest barely misses you.
The frilled lizard bites you but does no damage.
The orc priest closely misses you.
You closely miss the orc priest. You claw the orc priest.
The orc priest is severely wounded.
You closely miss the frilled lizard.
The frilled lizard bites you but does no damage.
The orc priest hits you with a +0 flail.
The frilled lizard barely misses you.
You barely miss the orc priest.
The orc priest is severely wounded.
You hit the frilled lizard but do no damage.
The orc priest hits you with a +0 flail.
* * * LOW HITPOINT WARNING * * *
The frilled lizard bites you but does no damage.
You hit the orc priest.
The orc priest is almost dead.
You miss the frilled lizard. The orc priest barely misses you.
The frilled lizard bites you but does no damage.
The orc priest invokes the aid of Beogh against you.
Beogh smites you!
You die...

#......#
#......#
#......#
##'##..#
#<##..# #
###)†)# .#
#...##.#####
#.#)#l.....#
#.#)@o.....#
#.##.......#
#.##.......#
#.##...#####
#.###..# ..
..# ..# .>#


You could see an orc priest and a frilled lizard.

Vanquished Creatures
  Jessica (D:2)
  An adder (D:2)
  A dart slug (D:1)
  5 orcs (D:3)
  5 ball pythons
  3 bats
  8 endoplasms
  2 giant cockroaches
  4 goblins
  2 hobgoblins (D:2)
  2 quokkas
  2 frilled lizards (D:2)
  6 kobolds
  7 rats
49 creatures vanquished.

Notes
Turn   | Place    | Note
-------+----------+-------------------------------------------
     0 | D:1      | polve the Demonspawn Gladiator began the quest for the Orb.
     0 | D:1      | Reached XP level 1. HP: 16/16 MP: 1/1
   218 | D:1      | Reached skill level 3 in Axes
   322 | D:1      | Gained mutation: You are partially covered in icy blue
                  | scales. (AC +2) [demonic ancestry]
   322 | D:1      | Reached XP level 2. HP: 22/22 MP: 2/2
   930 | D:2      | Found a faded altar of an unknown god.
   977 | D:2      | Gained mutation: You have sharp toenails. [demonic
                  | ancestry]
   977 | D:2      | Reached XP level 3. HP: 22/27 MP: 3/3
  1378 | D:2      | Reached skill level 4 in Axes
  1754 | D:2      | Noticed Jessica
  1760 | D:2      | Killed Jessica
  1872 | D:2      | Gained mutation: You have razor-sharp toenails. [demonic
                  | ancestry]
  1872 | D:2      | Reached XP level 4. HP: 25/33 MP: 4/4
  2391 | D:3      | Killed from afar by an orc priest

Illustrated notes

Levels and vault maps discovered:
D:1:      lightli_arrival_statue_moat, layout_basic
D:2:      layout_basic, ebering_ecumenical_altar_webs, uniq_jessica
D:3:      layout_basic

Skill      XL: |  1  2  3 |
---------------+----------+-----
Axes           | 3 4 |  4.8
Fighting       | |  2.0
Throwing       | |  1.7
Dodging        | |  2.6

Action                   |  1- 3 |  4- 6 || total
-------------------------+-------+-------++-------
Melee: War axe           |    84 |    32 ||   116
       Kick              |     5 |     9 ||    14
 Stab: Sleeping          |     1 |       ||     1
Armor: Leather armour    |    23 |       ||    23
       Chain mail        |    12 |    26 ||    38
Dodge: Dodged            |    51 |    16 ||    67

Table legend: (Time is in decaauts)
 A = Elapsed time spent in this place.
 B = Non-inter-level travel time spent in this place.
 C = Inter-level travel time spent in this place.
 D = Time resting spent in this place.
 E = Time spent auto-exploring this place.
 F = Levels seen in this place.
 G = Mean time per level.
                   A        B        C        D        E       F      G
               +--------+--------+--------+--------+--------+-----+--------+
         Total |   2426 |   2357 |     69 |      0 |   2055 |   3 |  808.7 |
       Dungeon |   2426 |   2357 |     69 |      0 |   2055 |   3 |  808.7 |
               +--------+--------+--------+--------+--------+-----+--------+

Top non-repeatable levels by time:
     D:2: 1480 daAuts
     D:1: 910 daAuts
     D:3: 35 daAuts
